 Dungeon Crawl Stone Soup version 0.28-a0-1382-g92835e5c71 (webtiles) character file.

Game seed: 6634767876285611641

49 blank1 the Firebug (level 3, 0/19 HPs)
             Began as a Deep Elf Fire Elementalist on Jan 2, 2022.
             Succumbed to an adder's poison
             ... on level 2 of the Dungeon.
             The game lasted 00:03:27 (1370 turns).

blank1 the Firebug (Deep Elf Fire Elementalist)     Turns: 1370, Time: 00:03:27

Health: 0/19       AC:  2    Str:  5    XL:     3   Next: 51%
Magic:  6/10       EV: 13    Int: 21    God:
Gold:   55         SH:  0    Dex: 15    Spells: 8/9 levels left

rFire   . . .      SeeInvis .   b - +2 dagger (venom)
rCold   . . .      Faith    .   (no shield)
rNeg    . . .      Spirit   .   a - +0 robe
rPois   .          Reflect  .   (no helmet)
rElec   .          Harm     .   (no cloak)
rCorr   .          Rampage  .   (no gloves)
Will    .....                   (no boots)
Stlth   ++........              (no amulet)
HPRegen 0.06/turn               (no ring)
MPRegen 0.12/turn               (no ring)

@: brilliant, lethally poisoned (0 -> -6), attractive
A: no striking features
a: no special abilities


You were on level 2 of the Dungeon.
You visited 1 branch of the dungeon, and saw 2 of its levels.

You collected 55 gold pieces.

Inventory:

Hand Weapons
 b - a +2 dagger of venom (weapon)
Missiles
 c - 5 boomerangs of dispersal
Armour
 a - a +0 robe (worn)
Jewellery
 d - a ring of positive energy
Scrolls
 h - a scroll of noise {unknown}
Potions
 e - a potion of brilliance


   Skills:
 - Level 3.0 Dodging
 - Level 3.0 Stealth
 + Level 3.7 Spellcasting
 - Level 2.0 Conjurations
 + Level 3.7 Fire Magic


You had 8 spell levels left.
You knew the following spells:

 Your Spells              Type           Power      Damage    Failure   Level
a - Foxfire               Conj/Fire      96%        2x1d8     3%          1

Your spell library contained the following spells:

 Spells                   Type           Power      Damage    Failure   Level
 Scorch                   Fire           58%        2d7       4%          2
 Conjure Flame            Conj/Fire      24%        6-21      12%         3
 Inner Flame              Hex/Fire       17%        N/A       17%         3
 Flame Wave               Conj/Fire      24%        2d6       36%         4


Dungeon Overview and Level Annotations

Branches:
Dungeon (2/15)

Altars:


Message History

The adder is severely wounded.
The adder bites you.
You hit the adder.
The adder is severely wounded.
The adder bites you.
You are poisoned.
The adder poisons you!
You conjure some foxfire!
You feel sick. The adder barely misses you.
The foxfire hits the kobold.
The kobold is moderately wounded.
The adder barely misses you.
Unknown command.
You conjure some foxfire!
You feel sick.
The foxfire hits the adder.
The adder is almost dead.
The adder bites you.
You are lethally poisoned!
The adder poisons you!
You are too injured to fight recklessly!
Unknown command.
You hit the adder.
You kill the adder!
* * * LOW HITPOINT WARNING * * *
You feel sick.
The foxfire hits the kobold.
You kill the kobold!
Training target 2.0 for Conjurations reached!
Your Conjurations skill increases to level 2!
It was a potion of brilliance.
You feel clever all of a sudden.
* * * LOW HITPOINT WARNING * * *
You feel sick.
Your foxfire dissipates!
It was a potion of attraction.
You feel attractive to monsters.
* * * LOW HITPOINT WARNING * * *
You feel sick.
Okay, then.
As you read the scroll labelled VUZOYN XURUEZE, it crumbles to dust.
You assume a fearsome visage.
Nothing appears to happen.
It was a scroll of fear.
You die...

#......# #......#
#......# ##.....#
#.....# #.....#
####.##
#.#########
#..@......#
#.)†......#
#..†......#
#.........#
#.........#
................#
................#
................#
................#


There were no monsters in sight!

Vanquished Creatures
  2 adders (D:2)
  4 bats
  4 endoplasms
  4 giant cockroaches
  5 goblins (D:1)
  A hobgoblin (D:1)
  2 quokkas (D:2)
  4 ball pythons
  A frilled lizard (D:1)
  A kobold (D:2)
28 creatures vanquished.

Vanquished Creatures (others)
  54 foxfires
54 creatures vanquished.

Grand Total: 82 creatures vanquished

Notes
Turn   | Place    | Note
-------+----------+-------------------------------------------
     0 | D:1      | blank1 the Deep Elf Fire Elementalist began the quest for
                  | the Orb.
     0 | D:1      | Reached XP level 1. HP: 10/10 MP: 6/6
   338 | D:1      | Reached XP level 2. HP: 15/15 MP: 4/8
  1250 | D:2      | Reached XP level 3. HP: 19/19 MP: 7/10
  1370 | D:2      | Succumbed to an adder's poison

Illustrated notes

Levels and vault maps discovered:
D:1:      nzn_arrival_water_spiral, layout_basic
D:2:      layout_basic, uniq_robin

Skill      XL: |  1  2  3 |
---------------+----------+-----
Stealth        | 3 |  3.0
Dodging        | 3 |  3.0
Conjurations   | 2 |  2.0
Spellcasting   | |  3.7
Fire Magic     | |  3.7

Action                   || total
-------------------------++-------
Melee: Dagger            ||    18
 Cast: Foxfire           ||    34
  Use: Potion            ||     2
       Scroll            ||     1
 Stab: Sleeping          ||     3
Armor: Robe              ||     1
Dodge: Dodged            ||    15

Table legend: (Time is in decaauts)
 A = Elapsed time spent in this place.
 B = Non-inter-level travel time spent in this place.
 C = Inter-level travel time spent in this place.
 D = Time resting spent in this place.
 E = Time spent auto-exploring this place.
 F = Levels seen in this place.
 G = Mean time per level.
                   A        B        C        D        E       F      G
               +--------+--------+--------+--------+--------+-----+--------+
         Total |   1378 |   1347 |     31 |      0 |   1112 |   2 |  689.0 |
       Dungeon |   1378 |   1347 |     31 |      0 |   1112 |   2 |  689.0 |
               +--------+--------+--------+--------+--------+-----+--------+

Top non-repeatable levels by time:
     D:1: 1072 daAuts
     D:2: 306 daAuts
